 Dungeon Crawl Stone Soup version 0.20-a0-850-ge5a7832 (webtiles) character file.

273865 Reagan the Convoker (level 21, 0/162 HPs)
             Began as a Human Summoner on Mar 13, 2016.
             Was the Champion of Sif Muna.
             Shot with an arrow by a deep elf master archer (19 damage)
             ... on level 3 of the Depths on Mar 11, 2017.
             The game lasted 09:28:25 (61021 turns).

Reagan the Convoker (Human Summoner)               Turns: 61021, Time: 09:28:27

Health: 0/162      AC: 20    Str:  9      XL:     21   Next: 15%
Magic:  0/55       EV: 20    Int: 24 (25) God:    Sif Muna [******]
Gold:   3517       SH:  6    Dex: 19      Spells: 12/52 levels left

rFire    + + .     SeeInvis .   S - +1 short sword "Eppuyrchari" {pierce, +Inv rC++ MP+9 Str-2 Dex+2}
rCold    + + .     Gourm    .   F - +4 moon troll leather armour {Spirit, Regen++ MP+5}
rNeg     . . .     Faith    .   n - +0 buckler {AC+3}
rPois    .         Spirit   +   T - +2 hat {MR+}
rElec    .         Reflect  .   x - +2 cloak
rCorr    .         Harm     .   k - +0 pair of fencer's gloves {+Riposte Dex+3}
MR       +++..                  W - +1 pair of boots {run}
Stlth    ++........             (no amulet)
Regen    1.2/turn               m - ring of sustain attributes
MPRegen  0.4/turn               X - ring of the Ancient Nights {rF++ MR+ Str+3 Dex-3}

@: quick
A: agile 1
}: 2/15 runes: decaying, serpentine
a: Divine Energy, Channel Magic, Forget Spell, Renounce Religion, Evoke
Invisibility


You were on level 3 of the Depths.
You worshipped Sif Muna.
Sif Muna was exalted by your worship.
You were hungry.

You visited 8 branches of the dungeon, and saw 42 of its levels.
You also visited: Labyrinth, Ice Cave and Volcano.

You collected 4453 gold pieces.
You spent 936 gold pieces at shops.

Inventory:

Hand Weapons
 G - a +2 demon whip of flaming
 S - the +1 short sword "Eppuyrchari" (weapon) {pierce, +Inv rC++ MP+9 Str-2 Dex+2}
   (You found it on level 10 of the Dungeon)

   It inflicts extra damage upon your enemies.
   It affects your strength (-2).
   It affects your dexterity (+2).
   It greatly protects you from cold.
   It affects your magic capacity (+9).
   It lets you turn invisible.
Armour
 k - the +0 pair of fencer's gloves (worn) {+Riposte Dex+3}
   (You found it in a labyrinth)

   It affects your dexterity (+3).
 n - a +0 buckler of protection (worn)
 x - a +2 cloak (worn)
 F - the +4 moon troll leather armour (worn) {Spirit, Regen++ MP+5}
   (You found it on level 7 of the Lair of Beasts)

   It affects your magic capacity (+5).
   It increases your rate of regeneration.
 T - a +2 hat of magic resistance (worn)
 W - a +1 pair of boots of running (worn)
Jewellery
 j - a +5 ring of evasion
 l - an uncursed ring of magical power
 m - a ring of sustain attributes (right hand)
 p - a +3 ring of protection
 C - an uncursed ring of protection from cold
 J - an uncursed ring of poison resistance
 X - the ring of the Ancient Nights (left hand) {rF++ MR+ Str+3 Dex-3}
   (You found it in a labyrinth)

   [ring of protection from magic]

   It affects your strength (+3).
   It affects your dexterity (-3).
   It greatly protects you from fire.
   It affects your resistance to hostile enchantments.
Wands
 o - a wand of disintegration (23/24)
 r - a wand of digging (24/24)
 K - a wand of removedness (7/24)
 L - a wand of lightning (8/15)
 P - a wand of acid (5/15)
 Y - a wand of removedness (9/24)
Scrolls
 s - 3 scrolls of magic mapping
 u - 7 scrolls of teleportation
 v - 10 scrolls of remove curse
 D - 4 scrolls of fear
 M - 2 scrolls of brand weapon
 O - 3 scrolls of fog
 V - 7 scrolls of identify
Potions
 d - 7 potions of brilliance
 h - a potion of haste
 t - 8 potions of might
 w - 3 potions of agility
 A - 3 potions of magic
 E - 7 potions of curing
 H - 5 potions of flight
 N - 7 potions of resistance
 Q - 2 potions of cancellation
Books
 a - Sif Muna's Catalogue of Feathery Good Luck
   (You found it on level 13 of the Dungeon)

   Spells                             Type                      Level
   a - Repel Missiles                 Charms/Air                   2
   b - Swiftness                      Charms/Air                   2
   c - Warp Weapon                    Charms/Translocation         5
   d - Deflect Missiles               Charms/Air                   6
 e - a book of Dreams

   Spells                             Type                      Level
   a - Ensorcelled Hibernation        Hexes/Ice                    2
   b - Silence                        Hexes/Air                    5
   c - Darkness                       Hexes                        6
   d - Shadow Creatures               Summoning                    6
 f - Sif Muna's Volume of the Aged Mice
   (Sif Muna gifted it to you on level 4 of the Vaults)

   Spells                             Type                      Level
   a - Corona                         Hexes                        1
   b - Summon Butterflies             Summoning                    1
   c - Summon Demon                   Summoning                    5
   d - Spellforged Servitor           Conjuration/Summoning        7
   e - Summon Greater Demon           Summoning                    7
   f - Dragon's Call                  Summoning                    9
 g - Sif Muna's Compendium of Calling and the Voyage
   (Sif Muna gifted it to you on level 11 of the Dungeon)

   Spells                             Type                      Level
   a - Summon Small Mammal            Summoning                    1
   b - Recall                         Summoning/Translocation      3
   c - Warp Weapon                    Charms/Translocation         5
   d - Summon Demon                   Summoning                    5
   e - Summon Forest                  Summoning/Translocation      5
 i - an Akashic Record

   Spells                             Type                      Level
   a - Dispersal                      Translocation                6
   b - Malign Gateway                 Summoning/Translocation      7
   c - Disjunction                    Translocation                8
   d - Controlled Blink               Translocation                8
 q - a Fen Folio

   Spells                             Type                      Level
   a - Corpse Rot                     Necromancy                   2
   b - Stone Arrow                    Conjuration/Earth            3
   c - Leda's Liquefaction            Hexes/Earth                  4
   d - Summon Forest                  Summoning/Translocation      5
   e - Hydra Form                     Transmutation                6
   f - Summon Hydra                   Summoning                    7
 y - Sif Muna's Handbook of Twisted Summoning
   (Sif Muna gifted it to you on level 1 of the Snake Pit)

   Spells                             Type                      Level
   a - Summon Butterflies             Summoning                    1
   b - Apportation                    Translocation                1
   c - Blink                          Translocation                2
   d - Call Canine Familiar           Summoning                    3
   e - Shadow Creatures               Summoning                    6
   f - Monstrous Menagerie            Summoning                    7
 B - a book of Summonings

   Spells                             Type                      Level
   a - Recall                         Summoning/Translocation      3
   b - Aura of Abjuration             Summoning                    5
   c - Summon Demon                   Summoning                    5
   d - Summon Forest                  Summoning/Translocation      5
   e - Summon Mana Viper              Hexes/Summoning              5
   f - Shadow Creatures               Summoning                    6
 I - Sif Muna's Papyrus of the Escort
   (Sif Muna gifted it to you on level 8 of the Lair of Beasts)

   Spells                             Type                      Level
   a - Shadow Creatures               Summoning                    6
   b - Haunt                          Necromancy/Summoning         7
   c - Monstrous Menagerie            Summoning                    7
 R - Sif Muna's Disquisition on the Voyage
   (Sif Muna gifted it to you on level 4 of the Snake Pit)

   Spells                             Type                      Level
   a - Shroud of Golubria             Charms/Translocation         2
   b - Portal Projectile              Hexes/Translocation          3
   c - Teleport Other                 Translocation                3
   d - Passage of Golubria            Translocation                4
   e - Dispersal                      Translocation                6
 U - Sif Muna's Compendium of Slavery
   (Sif Muna gifted it to you on level 1 of the Vaults)

   Spells                             Type                      Level
   a - Summon Butterflies             Summoning                    1
   b - Summon Small Mammal            Summoning                    1
   c - Call Canine Familiar           Summoning                    3
   d - Monstrous Menagerie            Summoning                    7
   e - Summon Horrible Things         Summoning                    8
 Z - a book of Minor Magic

   Spells                             Type                      Level
   a - Magic Dart                     Conjuration                  1
   b - Blink                          Translocation                2
   c - Call Imp                       Summoning                    2
   d - Slow                           Hexes                        2
   e - Conjure Flame                  Conjuration/Fire             3
   f - Mephitic Cloud                 Conjuration/Poison/Air       3
Comestibles
 b - a chunk of flesh
 c - 6 bread rations
 z - 19 fruits


   Skills:
 + Level 13.2 Fighting
 - Level 2.7 Short Blades
 - Level 5.5 Armour
 + Level 11.0 Dodging
 - Level 2.0 Stealth
 - Level 4.1 Shields
 + Level 16.3 Spellcasting
 - Level 0.8 Charms
 + Level 20.8 Summonings
 - Level 8.0 Translocations
   Level 0.6 Ice Magic
 - Level 1.0 Air Magic
 - Level 7.8 Invocations
 - Level 0.4 Evocations


You had 12 spell levels left.
You knew the following spells:

 Your Spells              Type           Power        Failure   Level  Hunger
b - Repel Missiles        Chrm/Air       ###...       4%          2    None
c - Summon Horrible Thin  Summ           #######...   6%          8    #######
d - Malign Gateway        Summ/Tloc      ######....   12%         7    ######.
e - Monstrous Menagerie   Summ           #######...   1%          7    ######.
f - Aura of Abjuration    Summ           #######...   1%          5    #......
g - Blink                 Tloc           N/A          1%          2    None
h - Summon Hydra          Summ           #######...   1%          7    ######.
i - Swiftness             Chrm/Air       ###.....     4%          2    None


Dungeon Overview and Level Annotations

Branches:
Dungeon (15/15)            Temple (1/1) D:4            Lair (8/8) D:11
  Swamp (4/4) Lair:6        Snake (4/4) Lair:5        Slime (0/6) Lair:7
    Orc (2/2) D:10            Elf (0/3) Orc:2        Vaults (5/5) D:13
  Crypt (0/3) Vaults:2     Depths (3/5) D:15

Altars:
Ashenzari
Cheibriados
Dithmenos
Elyvilon
Fedhas
Gozag
Kikubaaqudgha
Makhleb
Nemelex Xobeh
Okawaru
Qazlal
Ru
Sif Muna
Trog
Vehumet
Xom
Yredelemnul
Zin
The Shining One

Shops:
D:5 ?%   D:8 [   D:13 *   D:14 [   Orc:2 **((   Vaults:4 *

Portals:
Hell: Depths:1 Depths:2
Pandemonium: Depths:1
Trove: D:10 (give wand of hasting (9))


Innate Abilities, Weirdness & Mutations

You are agile. (Dex +2)


Message History

Spell 'Repel Missiles' is not a player castable spell.
Casting: Repel Missiles
Confirm with . or Enter, or press ? or * to list all spells.
A four-headed hydra appears.
You are feeling hungry.
The deep elf master archer shoots an arrow.
The arrow hits you!!
* * * LOW HITPOINT WARNING * * *
The arrow burns you.
* * * LOW HITPOINT WARNING * * *
The deep elf master archer shoots an arrow.
The arrow hits you!
* * * LOW HITPOINT WARNING * * *
The arrow burns you.
* * * LOW HITPOINT WARNING * * *
Your sphinx closely misses the deep elf master archer.
Your sphinx hits the deep elf master archer but does no damage. x2
The deep elf master archer shoots an arrow.
The arrow hits you!!
You die...

##### #.).#
#.≈.# #.H.#
#+#+#e@(#####
#.....HD....#
#.#...#(..#$#
#...........#
#####...#####
#...#...#
+.#(#.<.#
#.(.#.).#
##(##.).#####


You could see a deep elf master archer, a friendly sphinx, a friendly
four-headed hydra and a friendly manticore.

Vanquished Creatures
  Asterion (Depths:2)
  2 vault wardens
  A stone giant (Depths:1)
  A mummy priest (Depths:2)
  A yaktaur captain (Vaults:3)
  A great orb of eyes (Depths:2)
  An ogre mage (Vaults:4)
  The ghost of agentgt the Basher, a journeyman OgCK of Makhleb (Orc:2)
  A catoblepas (Lair:7)
  An ice dragon (Vaults:1)
  5 hydras
  2 naga warriors
  A centaur warrior (D:13)
  A death knight (Vaults:2)
  A dancing weapon (Orc:2)
  An alligator (Swamp:2)
  A naga sharpshooter (Snake:2)
  Urug (Lair:3)
  2 deep elf knights
  A spriggan (Swamp:2)
  An unseen horror (D:11)
  A deep troll (Depths:1)
  A flayed ghost (Vaults:4)
  2 swamp dragons
  A naga ritualist (Snake:2)
  2 orc knights (Vaults:1)
  An ironbrand convoker (Vaults:1)
  A removed MONS_HILL_GIANT (D:12)
  A wolf spider zombie (D:14)
  2 necromancers
  7 ugly things
  A mana viper (Snake:3)
  2 cyclopes
  A removed MONS_GRIFFON (Vaults:2)
  A salamander (Snake:2)
  An elephant (Lair:8)
  7 black mambas
  3 spiny frogs
  2 rime drakes
  3 yaktaurs
  A kobold demonologist (Vaults:1)
  2 tengu conjurers
  3 komodo dragons
  2 ice devils (IceCv)
  2 tyrant leeches
  2 trolls (Orc:2)
  6 slime creatures
  4 two-headed ogres
  A bog body (Swamp:1)
  11 blink frogs
  An ettin zombie (Vaults:2)
  A wraith (Vaults:2)
  A shadow (D:13)
  A tarantella (shapeshifter) (Vaults:1)
  7 yaks
  A hog (D:8)
  A hippogriff (D:9)
  4 vampire mosquitoes
  A hungry ghost (D:14)
  3 wargs
  4 swamp worms
  2 insubstantial wisps
  5 nagas
  2 acid dragons
  A soldier ant (shapeshifter) (Vaults:3)
  4 porcupines
  5 water moccasins
  4 swamp drakes
  An ice beast (Lair:1)
  5 orc warriors
  A sky beast (D:11)
  2 removed MONS_WASPs
  An eye of draining (D:13)
  A phantom (D:12)
  14 ogres
  A boggart (Depths:2)
  4 necrophages
  4 wolves
  19 centaurs
  5 crocodiles
  Blork the orc (D:5)
  14 bullfrogs
  A wyvern zombie (D:11)
  2 wyvern skeletons (D:11)
  A scorpion (D:12)
  A killer bee (D:9)
  6 wights
  A crimson imp (D:9)
  A centaur zombie (D:11)
  A draconian simulacrum (IceCv)
  5 orc priests
  2 bullfrog skeletons
  A hound (D:6)
  3 bullfrog zombies
  2 iguanas
  A jelly (D:15)
  3 centaur skeletons
  6 orc wizards
  4 worker ants
  2 killer bee zombies
  A removed MONS_SHEEP (D:11)
  A hound skeleton (D:11)
  3 adders
  3 gnolls (Orc:1)
  A naga simulacrum (IceCv)
  An ogre simulacrum (IceCv)
  16 river rats
  2 shadow imps
  An ooze (D:4)
  A worm (D:3)
  A dart slug (D:4)
  3 leopard geckos
  29 orcs
  5 giant cockroaches
  3 goblins
  5 hobgoblins
  A jackal (D:1)
  2 kobolds
  5 quokkas
  A bat (D:1)
  A frilled lizard (D:6)
  3 rats
355 creatures vanquished.

Vanquished Creatures (collateral kills)
  3 greater mummies (Depths:2)
  A lich (Vaults:4)
  Gastronok (D:10)
  A sphinx (shapeshifter) (Vaults:4)
  A sphinx (Vaults:1)
  3 thorn hunters (Swamp:4)
  2 tengu reavers (Vaults:4)
  8 vault wardens
  Donald (Swamp:3)
  18 nagarajas
  A deep elf sorcerer (Vaults:1)
  3 frost giants
  An orc warlord (Orc:2)
  A balrug (Depths:1)
  12 ironheart preservers
  A war gargoyle (Depths:3)
  11 stone giants
  3 deep elf demonologists
  A removed MONS_SALAMANDER_STORMCALLER (Vaults:1)
  A vampire knight (Depths:2)
  3 spark wasps
  2 deep elf annihilators
  Snorg (Lair:6)
  A minotaur (Lab)
  A mummy priest (Depths:2)
  A deep elf death mage (Vaults:1)
  3 ettins
  8 vault guards
  4 fire dragons
  Josephine (D:10)
  5 yaktaur captains
  5 great orbs of eyes
  2 ice dragons
  A rakshasa (Vaults:1)
  2 catoblepae
  A ghost crab (Swamp:2)
  23 hydras
  21 naga warriors
  19 ogre magi
  2 death knights
  2 dancing weapons
  4 centaur warriors
  7 alligators
  10 anacondas
  2 vampire magi
  3 tengu warriors
  8 deep troll earth magi
  5 deep troll shamans
  Sonja (D:13)
  19 naga sharpshooters
  A fire crab (Vaults:3)
  3 iron trolls
  6 shock serpents
  A fire crab (shapeshifter) (Vaults:1)
  5 deep elf knights
  5 skeletal warriors
  An unseen horror (D:14)
  A hell knight (Depths:1)
  A death drake (shapeshifter) (Depths:1)
  3 salamander mystics
  10 swamp dragons
  24 deep trolls
  2 swamp dragons (shapeshifter)
  A flayed ghost (Vaults:3)
  A tengu zombie (Depths:1)
  6 naga ritualists
  A phantasmal warrior (Vaults:3)
  6 shambling mangroves
  2 necromancers
  A hornet (shapeshifter) (Vaults:2)
  A lindwurm (Volcano)
  2 ghosts (Vaults:4)
  2 wolf spiders
  3 hornets
  11 ironbrand convokers
  A wizard (Vaults:3)
  2 orc sorcerers
  4 deep elf archers
  9 removed MONS_HILL_GIANTs
  A cyclops (shapeshifter) (Depths:1)
  7 mana vipers
  39 ugly things
  4 orc knights
  A sphinx skeleton (Vaults:1)
  14 deep elf magi
  11 salamanders
  3 removed MONS_GRIFFONs
  30 elephants
  2 cyclopes
  A manticore (D:15)
  An elephant (shapeshifter) (Vaults:2)
  32 black mambas
  5 guardian serpents
  13 naga magi
  2 rust devils (Depths:1)
  A black mamba (shapeshifter) (Vaults:4)
  3 molten gargoyles (Volcano)
  Psyche (D:10)
  13 vault sentinels
  2 gargoyles
  A storm dragon simulacrum (D:14)
  24 spiny frogs
  A kobold demonologist (Vaults:3)
  35 yaktaurs
  A yaktaur skeleton (Vaults:1)
  A rime drake (Lair:7)
  A yaktaur zombie (Vaults:1)
  3 freezing wraiths
  A tengu conjurer (Depths:2)
  4 ice devils (IceCv)
  4 komodo dragons
  A polar bear (Lair:5)
  6 tyrant leeches
  5 trolls
  5 removed MONS_BOULDER_BEETLEs
  31 two-headed ogres
  35 blink frogs
  A spriggan zombie (Depths:1)
  37 slime creatures
  10 bog bodies
  A ynoxinul (Depths:1)
  3 spriggans (Swamp:4)
  2 flying skulls (D:11)
  A water elemental (Depths:1)
  7 redbacks (Vaults:4)
  2 shadows
  2 tarantellas (Vaults:4)
  2 vampires
  A redback (shapeshifter) (Depths:3)
  9 wraiths
  A spriggan skeleton (Depths:1)
  2 wyverns
  8 hippogriffs
  A yak (shapeshifter) (Vaults:1)
  34 yaks
  A hog (shapeshifter) (Vaults:1)
  A neqoxec (Depths:1)
  3 fire bats (Lair:2)
  A steam dragon (Lair:8)
  2 fire elementals (Volcano)
  A human (D:8)
  4 basilisks
  A hungry ghost (D:12)
  15 insubstantial wisps
  11 swamp worms
  22 vampire mosquitoes
  2 human simulacra (Vaults:2)
  7 wargs
  An acid dragon (Vaults:2)
  74 nagas
  10 water moccasins
  An entropy weaver simulacrum (Vaults:2)
  12 porcupines
  29 orc warriors
  5 swamp drakes
  3 sky beasts
  11 ice beasts
  3 phantoms
  A black bear (D:10)
  9 removed MONS_WASPs
  10 necrophages
  A boggart (Depths:2)
  14 centaurs
  9 wolves
  68 ogres
  14 crocodiles
  A big kobold (shapeshifter) (Vaults:3)
  23 bullfrogs
  An earth elemental (Lab)
  A gnoll sergeant (Orc:1)
  3 scorpions
  7 killer bees (D:9)
  14 wights
  6 howler monkeys
  5 electric eels
  8 crimson imps
  4 centaur zombies
  A quasit (D:11)
  3 bullfrog zombies
  2 draconian simulacra (IceCv)
  7 jellies
  A centaur skeleton (D:4)
  2 hounds
  18 orc wizards
  14 orc priests
  2 bullfrog skeletons
  8 iguanas
  Ijyb (D:3)
  2 troll simulacra (IceCv)
  6 worker ants
  12 removed MONS_SHEEPs
  A centaur simulacrum (IceCv)
  2 hound zombies
  A hound skeleton (D:7)
  2 howler monkey zombies (D:11)
  5 gnolls (Orc:1)
  An ogre simulacrum (IceCv)
  10 adders
  A naga simulacrum (IceCv)
  73 river rats
  A shadow imp (D:12)
  An ooze (D:2)
  An adder skeleton (D:7)
  A dart slug (D:2)
  A leopard gecko (D:8)
  59 orcs
  A bat (D:1)
  5 giant cockroaches
  2 goblins (D:1)
  2 hobgoblins (D:1)
  A jackal (D:1)
  2 quokkas
  3 kobolds
  A rat (D:1)
  A butterfly (Lair:3)
  5 fungi
  3 plants
1510 creatures vanquished.

Vanquished Creatures (others)
  20 eldritch tentacles
  A hydra (D:8)
  An alligator (Swamp:3)
  A naga sharpshooter (Snake:2)
  A deep elf archer (Vaults:2)
  A mana viper (Snake:2)
  An ice devil (IceCv)
  A slime creature (Vaults:3)
  A hungry ghost (D:7)
  2 vampire mosquitoes
  A naga (Snake:1)
  A swamp drake (Swamp:2)
  A removed MONS_WASP (Swamp:2)
  A boggart (Depths:2)
  An orc (Vaults:1)
  3 briar patches (Swamp:4)
  A bush (Lair:1)
  1572 eldritch tentacle segments
  A fire vortex (Volcano)
  36 fungi
  27 plants
1675 creatures vanquished.

Grand Total: 3540 creatures vanquished

Notes
Turn   | Place    | Note
-------+----------+-------------------------------------------
     0 | D:1      | Reagan the Human Summoner began the quest for the Orb.
     0 | D:1      | Reached XP level 1. HP: 13/13 MP: 3/3
   489 | D:1      | Reached XP level 2. HP: 19/19 MP: 3/5
  1459 | D:2      | Reached XP level 3. HP: 20/24 MP: 4/6
  1574 | D:2      | Learned a level 2 spell: Call Imp
  1578 | D:2      | Learned a level 3 spell: Call Canine Familiar
  2073 | D:2      | Found a snail-covered altar of Cheibriados.
  2264 | D:2      | Reached XP level 4. HP: 26/30 MP: 3/7
  2838 | D:3      | Noticed Ijyb
  2847 | D:3      | Killed Ijyb
  2847 | D:3      | Reached skill level 5 in Summonings
  3119 | D:3      | Found a shadowy altar of Dithmenos.
  3119 | D:3      | Found an opulent altar of Gozag.
  3119 | D:3      | Found an ancient bone altar of Kikubaaqudgha.
  3119 | D:3      | Found a burning altar of Makhleb.
  3301 | D:3      | Found a deep blue altar of Sif Muna.
  3432 | D:3      | Reached XP level 5. HP: 27/36 MP: 8/8
  3567 | D:4      | Noticed an ogre
  3577 | D:4      | Killed an ogre
  3579 | D:4      | Noticed a phantom
  3661 | D:4      | Killed a phantom
  3661 | D:4      | Reached XP level 6. HP: 5/42 MP: 2/10
  4110 | D:4      | Found a staircase to the Ecumenical Temple.
  4129 | Temple   | Entered the Ecumenical Temple
  4225 | D:3      | Became a worshipper of Sif Muna the Loreminder
  4240 | D:3      | Learned a level 3 spell: Summon Guardian Golem
  4307 | D:4      | Noticed a phantom
  4324 | D:4      | Killed a phantom
  4324 | D:4      | Reached skill level 1 in Fighting
  4324 | D:4      | Reached skill level 6 in Summonings
  4567 | D:4      | Noticed an ogre
  4577 | D:4      | Killed an ogre
  4577 | D:4      | Reached XP level 7. HP: 37/48 MP: 3/12
  4891 | D:5      | Entered Level 5 of the Dungeon
  5101 | D:5      | Noticed Blork the orc
  5114 | D:5      | Killed Blork the orc
  5161 | D:5      | Found a bloodstained altar of Trog.
  5583 | D:5      | Reached * piety under Sif Muna
  5823 | D:5      | Found Obublopn's Food Shoppe.
  5929 | D:5      | Found Zourgh's Magic Scroll Shoppe.
  5954 | D:5      | Bought a scroll of teleportation for 36 gold pieces
  6068 | D:5      | Bought a beef jerky for 18 gold pieces
  6165 | D:6      | Reached skill level 7 in Summonings
  6211 | D:6      | Noticed a cyclops
  6538 | D:6      | Reached XP level 8. HP: 52/56 MP: 14/14
  7279 | D:7      | Reached skill level 8 in Summonings
  7290 | D:7      | Reached skill level 5 in Dodging
  7376 | D:7      | Reached ** piety under Sif Muna
  7432 | D:7      | Gained mutation: You possess an exceptional clarity of mind. [potion of beneficial mutation]
  7433 | D:7      | Gained mutation: You are agile. (Dex +2) [potion of beneficial mutation]
  7494 | D:7      | Paralysed by an orc for 4 turns
  7666 | D:7      | Learned a level 4 spell: Summon Ice Beast
  7676 | D:7      | Found a basalt altar of Yredelemnul.
  7716 | D:7      | Reached XP level 9. HP: 45/62 MP: 16/16
  7728 | D:7      | Reached skill level 5 in Spellcasting
  8334 | D:8      | Reached skill level 9 in Summonings
  8452 | D:8      | Noticed a hill giant
  8462 | D:8      | Killed a hill giant
  8647 | D:8      | Found Setz's Antique Armour Boutique.
  8687 | D:8      | Bought a sheer robe for 193 gold pieces
  8697 | D:8      | Identified the +2 robe of the Cast Vote {rF+ Str+4} (You bought it in a shop on level 8 of the Dungeon)
  8859 | D:8      | Reached *** piety under Sif Muna
  9006 | D:8      | Found an oddly glowing altar of Pakellas.
  9008 | D:8      | Noticed a four-headed hydra
  9013 | D:8      | Killed a four-headed hydra
  9228 | D:9      | Learned a level 4 spell: Summon Lightning Spire
  9579 | D:9      | Reached skill level 10 in Summonings
  9719 | D:9      | Reached XP level 10. HP: 70/70 MP: 14/19
 10173 | D:10     | Entered Level 10 of the Dungeon
 10323 | D:10     | Noticed Josephine
 10341 | D:10     | Noticed Psyche
 10528 | D:9      | Reached **** piety under Sif Muna
 10540 | D:9      | Reached skill level 1 in Air Magic
 11074 | D:10     | Got a crude short sword
 11075 | D:10     | Identified the +1 short sword "Eppuyrchari" {pierce, +Inv rC++ MP+9 Str-2 Dex+2} (You found it on level 10 of the Dungeon)
 11150 | D:10     | Noticed Gastronok
 11163 | D:10     | Killed Gastronok
 11163 | D:10     | Reached ***** piety under Sif Muna
 11163 | D:10     | Reached skill level 11 in Summonings
 11163 | D:10     | Reached skill level 1 in Invocations
 11186 | D:10     | Noticed a hill giant
 11203 | D:10     | Killed a hill giant
 11390 | D:10     | Killed Josephine
 11390 | D:10     | Reached XP level 11. HP: 47/78 MP: 13/22
 11732 | D:10     | Found a glowing golden altar of the Shining One.
 12005 | D:10     | Found a blossoming altar of Fedhas.
 12104 | D:10     | Found a portal to a secret trove of treasure.
 12376 | D:10     | Got a transparent steel ring
 12549 | D:10     | Found a staircase to the Orcish Mines.
 12593 | D:10     | Reached skill level 12 in Summonings
 12658 | D:10     | Killed Psyche
 12856 | D:10     | Reached skill level 5 in Fighting
 13054 | D:6      | Killed a cyclops
 13570 | D:11     | Noticed an elephant
 13578 | D:11     | Noticed a hill giant
 13586 | D:11     | Noticed a hill giant
 13600 | D:11     | Found a labyrinth entrance.
 13608 | Lab      | Entered a labyrinth
 14247 | Lab      | Noticed a minotaur
 14274 | Lab      | Killed a minotaur
 14337 | Lab      | Got a wavering amber ring
 14346 | Lab      | Identified the ring of Gailummok {Dex+2 Stlth+} (You took it off an orc on level 10 of the Dungeon)
 14348 | Lab      | Identified the ring of the Ancient Nights {rF++ MR+ Str+3 Dex-3} (You found it in a labyrinth)
 14355 | Lab      | Got a sheer robe
 14368 | Lab      | Identified the cursed +1 robe of Boredom {rF+} (You found it in a labyrinth)
 14404 | D:11     | Killed a hill giant
 14483 | D:11     | Killed an elephant
 14488 | D:11     | Killed a hill giant
 14679 | D:11     | Found a staircase to the Lair.
 14992 | D:11     | Reached ****** piety under Sif Muna
 15088 | D:11     | Received a gift from Sif Muna
 15099 | D:11     | Identified Sif Muna's Compendium of Calling and the Voyage (Sif Muna gifted it to you on level 11 of the Dungeon)
 15108 | D:11     | Learned a level 5 spell: Summon Demon
 15300 | D:11     | Killed an unseen horror
 15343 | Lair:1   | Entered Level 1 of the Lair of Beasts
 15370 | Lair:1   | Found a frozen archway.
 15516 | IceCv    | Entered an ice cave
 15664 | IceCv    | Reached skill level 13 in Summonings
 15664 | IceCv    | Reached XP level 12. HP: 87/87 MP: 11/25
 16295 | IceCv    | Got a shimmering whip
 16296 | IceCv    | Identified the cursed +0 whip of Action {drain, Fragile rF++} (You found it in an ice cave)
 16508 | Lair:1   | Reached skill level 5 in Invocations
 17033 | Lair:1   | Noticed a five-headed hydra
 17043 | Lair:1   | Killed a five-headed hydra
 17098 | Lair:1   | Learned a level 2 spell: Repel Missiles
 17101 | Lair:1   | Learned a level 2 spell: Blink
 17451 | Lair:2   | Found a dark tunnel.
 17467 | Volcano  | Entered a volcano
 18091 | Lair:2   | Learned a level 7 spell: Summon Hydra
 18118 | Lair:2   | Reached skill level 1 in Short Blades
 18722 | Lair:2   | Reached skill level 14 in Summonings
 18825 | Lair:3   | Noticed a catoblepas
 18850 | Lair:3   | Killed a catoblepas
 19163 | Lair:3   | Received a gift from Sif Muna
 19166 | Lair:3   | Identified Sif Muna's Grimoire of Dislocated Dark Rites (Sif Muna gifted it to you on level 3 of the Lair of Beasts)
 19355 | Lair:3   | Reached XP level 13. HP: 71/95 MP: 9/26
 19486 | Lair:3   | Noticed Urug
 19500 | Lair:3   | Killed Urug
 19933 | Lair:3   | Reached skill level 10 in Spellcasting
 20566 | Lair:4   | Noticed a seven-headed hydra
 20572 | Lair:4   | Killed a seven-headed hydra
 21201 | Lair:4   | Noticed a seven-headed hydra
 21216 | Lair:4   | Killed a seven-headed hydra
 21674 | Lair:5   | Reached skill level 1 in Translocations
 21697 | Lair:5   | Noticed a naga warrior
 21707 | Lair:5   | Killed a naga warrior
 21716 | Lair:5   | Found a staircase to the Snake Pit.
 21928 | Lair:5   | Reached skill level 15 in Summonings
 22454 | Lair:6   | Found a staircase to the Swamp.
 22909 | Lair:6   | Noticed Snorg
 22917 | Lair:6   | Killed Snorg
 22917 | Lair:6   | Received a gift from Sif Muna
 22918 | Lair:6   | Identified Sif Muna's Guide on Companions (Sif Muna gifted it to you on level 6 of the Lair of Beasts)
 24149 | Lair:7   | Noticed a fire dragon
 24167 | Lair:7   | Killed a fire dragon
 24644 | Lair:7   | Found a staircase to the Slime Pits.
 25172 | Lair:8   | Entered Level 8 of the Lair of Beasts
 25192 | Lair:8   | Found a stormy altar of Qazlal.
 25312 | Lair:8   | Reached XP level 14. HP: 105/105 MP: 23/28
 25724 | Lair:8   | Reached skill level 1 in Armour
 25980 | Lair:8   | Upgraded the game from 0.18-a0-1562-gac8da35 to 0.18-a0-1570-gf60b0ab
 26111 | Lair:8   | Received a gift from Sif Muna
 26114 | Lair:8   | Identified Sif Muna's Papyrus of the Escort (Sif Muna gifted it to you on level 8 of the Lair of Beasts)
 26949 | Lair:7   | Reached skill level 16 in Summonings
 28339 | D:12     | Reached skill level 5 in Translocations
 29139 | D:12     | Learned a level 5 spell: Aura of Abjuration
 29429 | Orc:1    | Entered Level 1 of the Orcish Mines
 29738 | Orc:2    | Entered Level 2 of the Orcish Mines
 29738 | Orc:2    | Noticed agentgt's ghost (journeyman OgCK)
 29819 | Orc:2    | Killed agentgt's ghost
 29914 | Orc:2    | Found a staircase to the Elven Halls.
 30026 | Orc:2    | Found Qiej's General Store.
 30060 | Orc:2    | Reached XP level 15. HP: 113/113 MP: 14/30
 30551 | Orc:2    | Found Fip Hucw's Antique Weapon Boutique.
 30552 | Orc:2    | Found Ucvazug's General Store.
 30560 | Orc:2    | Found Sisiyl's Antique Weapon Emporium.
 30560 | Orc:2    | Found Duloczei's General Store.
 30810 | Orc:1    | Noticed an orc warlord
 31540 | Orc:2    | Killed an orc warlord
 32115 | D:10     | Received a gift from Sif Muna
 32255 | D:13     | Learned a level 7 spell: Monstrous Menagerie
 32260 | D:13     | Learned a level 3 spell: Mephitic Cloud
 32270 | D:13     | Noticed Sonja
 32280 | D:13     | Killed Sonja
 32662 | D:13     | Found a gate to the Vaults.
 32680 | D:13     | Identified Sif Muna's Catalogue of Feathery Good Luck
 32693 | D:13     | Learned a level 2 spell: Swiftness
 32853 | D:13     | Found Kytzuguy's General Store.
 32863 | D:13     | Bought an uncursed ring of magical power for 280 gold pieces
 33474 | D:14     | Found Icsirch's Armour Shop.
 33514 | D:14     | Bought a +0 pair of boots of running for 409 gold pieces
 34450 | D:15     | Entered Level 15 of the Dungeon
 34779 | D:15     | Found a staircase to the Depths.
 35088 | D:15     | Reached skill level 17 in Summonings
 35742 | Swamp:1  | Entered Level 1 of the Swamp
 36569 | Swamp:2  | Reached skill level 10 in Fighting
 36575 | Swamp:2  | Reached XP level 16. HP: 120/122 MP: 32/32
 37797 | Swamp:3  | Noticed Donald
 37807 | Swamp:3  | Killed Donald
 38125 | Swamp:3  | Received a gift from Sif Muna
 38125 | Swamp:3  | Reached XP level 17. HP: 126/129 MP: 33/33
 38126 | Swamp:3  | Identified Sif Muna's Almanac of Flames (Sif Muna gifted it to you on level 3 of the Swamp)
 38579 | Swamp:4  | Entered Level 4 of the Swamp
 38669 | Swamp:4  | Noticed a thorn hunter
 38677 | Swamp:4  | Killed a thorn hunter
 38966 | Swamp:4  | Noticed a thorn hunter
 38992 | Swamp:4  | Killed a thorn hunter
 39120 | Swamp:4  | Identified a scroll of acquirement
 39155 | Swamp:4  | Got a crystal war axe
 39156 | Swamp:4  | Identified the +5 war axe "Ekikhass" {venom, MP-9 Str+3 Int+5} (You found it on level 4 of the Swamp)
 39239 | Swamp:4  | Noticed a thorn hunter
 39260 | Swamp:4  | Killed a thorn hunter
 39396 | Swamp:4  | Reached skill level 18 in Summonings
 39624 | Swamp:4  | Got a decaying rune of Zot
 40048 | Swamp:3  | Learned a level 7 spell: Malign Gateway
 40234 | Snake:1  | Entered Level 1 of the Snake Pit
 40499 | Snake:1  | Killed an eldritch tentacle
 40812 | Snake:1  | Received a gift from Sif Muna
 40813 | Snake:1  | Identified Sif Muna's Handbook of Twisted Summoning (Sif Muna gifted it to you on level 1 of the Snake Pit)
 40818 | Snake:1  | Killed an eldritch tentacle
 41005 | Snake:1  | Killed an eldritch tentacle
 41837 | Snake:2  | Killed an eldritch tentacle
 41896 | Snake:2  | Killed an eldritch tentacle
 42718 | Snake:3  | Killed an eldritch tentacle
 42918 | Snake:3  | Reached XP level 18. HP: 138/138 MP: 35/35
 43137 | Snake:3  | Killed an eldritch tentacle
 43278 | Snake:3  | Killed an eldritch tentacle
 43390 | Snake:3  | Killed an eldritch tentacle
 43759 | Snake:4  | Entered Level 4 of the Snake Pit
 44210 | Snake:4  | Killed an eldritch tentacle
 44361 | Snake:4  | Received a gift from Sif Muna
 44362 | Snake:4  | Identified Sif Muna's Disquisition on the Voyage (Sif Muna gifted it to you on level 4 of the Snake Pit)
 44370 | Snake:4  | Reached skill level 19 in Summonings
 45771 | Snake:4  | Got a serpentine rune of Zot
 45864 | Snake:4  | Upgraded the game from 0.18-a0-1570-gf60b0ab to 0.18-a0-1572-g0a86841
 47150 | Vaults:1 | Entered Level 1 of the Vaults
 47423 | Vaults:1 | Reached XP level 19. HP: 116/146 MP: 6/36
 48299 | Vaults:1 | Received a gift from Sif Muna
 48319 | Vaults:1 | Reached skill level 10 in Dodging
 48339 | Vaults:1 | Identified Sif Muna's Compendium of Slavery (Sif Muna gifted it to you on level 1 of the Vaults)
 48357 | Vaults:1 | Learned a level 8 spell: Summon Horrible Things
 49506 | Vaults:1 | Reached skill level 20 in Summonings
 51412 | Vaults:2 | Gained mutation: Your muscles are strong. (Str +2) [mutagenic meat]
 51413 | Vaults:2 | Noticed a Brimstone Fiend
 51413 | Vaults:2 | Gained mutation: You are dopey. (Int -2) [mutagenic meat]
 51414 | Vaults:2 | Gained mutation: Your magical capacity is low. (-10% MP) [mutagenic meat]
 51415 | Vaults:2 | Noticed a Brimstone Fiend
 51415 | Vaults:2 | Gained mutation: You are very agile. (Dex +4) [mutagenic meat]
 51441 | Vaults:2 | Lost mutation: You possess an exceptional clarity of mind. [potion of cure mutation]
 51441 | Vaults:2 | Lost mutation: Your magical capacity is low. (-10% MP) [potion of cure mutation]
 51441 | Vaults:2 | Lost mutation: You are dopey. (Int -2) [potion of cure mutation]
 51441 | Vaults:2 | Lost mutation: You are very agile. (Dex +4) [potion of cure mutation]
 51441 | Vaults:2 | Lost mutation: Your muscles are strong. (Str +2) [potion of cure mutation]
 51886 | Vaults:2 | Found a staircase to the Crypt.
 52233 | Vaults:3 | Got an ancient brass ring
 52263 | Vaults:3 | Identified the ring of Arrival {*Corrode rN++ MR+ Str+2 Slay+3} (You found it on level 3 of the Vaults)
 52581 | Vaults:3 | Reached skill level 15 in Spellcasting
 52641 | Vaults:3 | Noticed a Brimstone Fiend
 52649 | Vaults:3 | Noticed a Hell Sentinel
 52654 | Vaults:3 | Reached XP level 20. HP: 88/154 MP: 12/39
 53054 | Vaults:3 | Reached skill level 5 in Armour
 54011 | Vaults:4 | Upgraded the game from 0.18-a0-1572-g0a86841 to 0.20-a0-3-g334f831
 54372 | Vaults:4 | Noticed a lich
 54374 | Vaults:4 | Killed a lich
 54882 | Vaults:4 | Identified Sif Muna's Volume of the Aged Mice (Sif Muna gifted it to you on level 4 of the Vaults)
 54882 | Vaults:4 | Received a gift from Sif Muna
 55567 | Vaults:4 | Found Vitraklu's General Store.
 55918 | Vaults:5 | Entered Level 5 of the Vaults
 56218 | Depths:1 | Entered Level 1 of the Depths
 56538 | Depths:1 | Found a one-way gate leading to the halls of Pandemonium.
 57333 | Depths:1 | Got a steaming helmet
 57335 | Depths:1 | Found a gateway to Hell.
 57359 | Depths:1 | Identified the cursed -5 helmet of Starshine {Dex+5} (You found it on level 1 of the Depths)
 57538 | Depths:1 | Identified Ackynk's Tome of the Traveller and Attacks (Sif Muna gifted it to you on level 1 of the Depths)
 57538 | Depths:1 | Received a gift from Sif Muna
 57543 | Depths:1 | Reached skill level 1 in Shields
 58918 | Depths:2 | Noticed Asterion
 58981 | Depths:2 | Killed Asterion
 59994 | Depths:1 | Upgraded the game from 0.20-a0-3-g334f831 to 0.20-a0-850-ge5a7832
 60067 | Depths:2 | Reached XP level 21. HP: 156/162 MP: 41/41
 60337 | Depths:2 | Noticed a greater mummy
 60351 | Depths:2 | Killed a greater mummy
 60499 | Depths:2 | Noticed a greater mummy
 60512 | Depths:2 | Killed a greater mummy
 60524 | Depths:2 | Noticed a greater mummy
 60674 | Depths:2 | Killed a greater mummy
 61021 | Depths:3 | Shot with an arrow by a deep elf master archer

Vault maps used:
D:1:      tarquinn_simple_flora_water_e
D:2:      first_bread, cheibriados_altar_1
D:3:      nicolae_overflow_hidden_temple, grunt_temple_overflow_cloverleaf,
          uniq_iyjb
D:4:      minmay_temple_entry_statues_pillars
D:5:      lemuel_doored_altar, serial_shops, shop_coins, shop_fountains,
          uniq_blork_the_orc
D:6:      kennysheep_generic_room_6
D:7:      lemuel_round_altar
D:8:      serial_shops, nicolae_shop_overgrown_old_shop, grunt_livestock,
          kennysheep_cluttered_room, gammafunk_pakellas_spire_experiment
D:10:     david_orc_4, basic_altar, enter_trove_0,
          fedhas_bush_and_centaur_altar, uniq_gastronok, uniq_psyche,
          uniq_josephine
D:11:     hangedman_screamer, david_lair_generic, lab_entry_generic
D:12:     st_stairs_6
D:13:     erik_vaults_1, serial_shops, nicolae_shop_statue_plus, uniq_sonja
D:14:     serial_shops, shop_coins
D:15:     hangedman_depths_entry_civil_slaughter, grunt_decor_arrowhead
Temple:   circular_temple_12
Lair:1:   portal_ice_cave_entry_ice_beasts, grunt_megastairs_2
Lair:2:   nicolae_volcano_entry_batcave, serial_bayou_crossing
Lair:3:   roderic_carrion_pond, grunt_megastairs_3, lemuel_fruit_fields,
          uniq_urug
Lair:4:   serial_bayou_pond_c
Lair:5:   minmay_snake_entry_guardpost_large
Lair:6:   swamp_mist, serial_bayou, serial_bayou_ford_a, serial_bayou_shore_a,
          serial_bayou_shore_b, serial_bayou_shore_b, uniq_snorg
Lair:7:   minmay_slime_entry_pillars, bobbens_dragon_lair_wall
Lair:8:   minmay_lair_end_frog_pond, basic_altar
Swamp:1:  nicolae_swamp_trees_clearing
Swamp:2:  evilmike_swamp_ruin_house_2
Swamp:3:  evilmike_swamp_ruin_house_5, uniq_donald
Swamp:4:  swamp_basic_johnstein, swamp_pool1, infiniplex_staircase_pool
Snake:1:  grunt_ministairs_12, spider_trap
Snake:4:  grunt_snake_rune_spirals, basic_stair_grate_trap, serial_bayou_shore_b
Orc:2:    st_orc_ogre_mass, serial_shops, shop
Vaults:1: hangedman_vaults_hat, grunt_vaults_diagonal, v_misc_12,
          nicolae_vaults_what_the_h, hangedman_vaults_stretched_pinwheel,
          vaults_dpeg_spiral, v_misc_19, vaults_mumra_chevron_long,
          nicolae_vaults_ring_of_whatevers, nicolae_vaults_border_crossing,
          vaults_room_hallway, ontoclasm_vaults_bender, vaults_room_corners,
          ontoclasm_vaults_twist, v_misc_12, v_misc_15
Vaults:2: blue_anna_dwarven_crypt, v_misc_8, grunt_vaults_funnel,
          v_alt_pattern_6, vaults_room_corners, st_lattice, v_alt_pattern_6,
          hangedman_vaults_snaps, nicolae_vaults_big_angled_halls,
          nicolae_vaults_big_angled_halls, nicolae_vaults_ring_of_whatevers,
          nicolae_vaults_ring_of_whatevers, ontoclasm_vaults_chip
Vaults:3: nicolae_vaults_little_squares_1, vaults_dpeg_encased_lava,
          v_pattern_3, nicolae_vaults_asterisk, vaults_dpeg_hooks
Vaults:4: ontoclasm_vaults_misaligned, v_misc_13, v_misc_29, v_misc_23,
          vaults_standard_mumra_lines, kb_rosetta, nicolae_vaults_gold_heap,
          vaults_room_grid, nicolae_vaults_mini_display_case, v_misc_25,
          serial_shops, shop
Vaults:5: serial_shops
Depths:1: hangedman_abyss_or_decor_stagger, rand_demon_pan_entry_8,
          hangedman_geh_valley, basic_loot_grate_trap, st_stairs_13,
          kennysheep_generic_room_16
Depths:2: minmay_guarded_unrand_sceptre_of_torment, interstate_on_off,
          hell_entry, grunt_megastairs_4, serial_bayou_shore_b,
          infiniplex_staircase_spiral, uniq_asterion
Depths:3: hangedman_crystal_crosses_colossus, hell_entry, pan_entry,
          uniq_bai_suzhen
Lab:      nicolae_lab_stuck, nicolae_lab_very_dead_end
IceCv:    ice_cave_tombish
Volcano:  volcano_aerie

Skill      XL: |  1  2  3  4  5  6  7  8  9 10 11 12 13 14 15 16 17 18 19 20 |
---------------+-------------------------------------------------------------+-----
Summonings     | 5 6 7 8 10 11 13 14 15 16 17 18 19 20 | 20.8
Dodging        | 3 4 5 7 8 9 10 11 | 11.0
Spellcasting   | 3 4 6 7 9 10 11 12 13 15 16 | 16.3
Fighting       | 1 2 3 4 5 6 8 9 10 11 12 13 | 13.2
Air Magic      | 1 |  1.0
Invocations    | 2 4 6 7 |  7.8
Short Blades   | 1 2 |  2.7
Translocations | 3 5 6 7 8 |  8.0
Armour         | 2 3 4 5 |  5.5
Shields        | 4 |  4.1
Stealth        | |  2.0
Charms         | |  0.8
Ice Magic      | |  0.6
Evocations     | |  0.4

Action                   |  1- 3 |  4- 6 |  7- 9 | 10-12 | 13-15 | 16-18 | 19-21 || total
-------------------------+-------+-------+-------+-------+-------+-------+-------++-------
Melee: Unarmed           |    11 |       |       |       |       |       |       ||    11
       Dagger            |    11 |       |       |       |       |       |       ||    11
       Short sword       |    69 |    22 |       |   519 |  1766 |   680 |   746 ||  3802
       Mace              |       |    56 |   313 |    52 |       |       |       ||   421
       Staff             |       |       |       |       |       |     8 |       ||     8
       Short sword       |       |       |       |       |       |       |   514 ||   514
       Demon whip        |       |       |       |       |       |       |     9 ||     9
 Cast: Summon Small Mamm |    16 |     1 |       |       |       |       |       ||    17
       Call Canine Famil |     4 |     8 |    25 |    48 |    29 |       |       ||   114
       Call Imp          |       |    16 |    19 |     1 |       |       |       ||    36
       Summon Guardian G |       |     1 |     8 |    11 |     3 |     1 |       ||    24
       Summon Ice Beast  |       |       |     7 |    75 |     8 |       |       ||    90
       Summon Lightning  |       |       |     4 |    18 |     1 |       |       ||    23
       Summon Demon      |       |       |       |    39 |   108 |    75 |    40 ||   262
       Summon Hydra      |       |       |       |    10 |    68 |    26 |    28 ||   132
       Repel Missiles    |       |       |       |       |     5 |     9 |     3 ||    17
       Monstrous Menager |       |       |       |       |    39 |   115 |    37 ||   191
       Mephitic Cloud    |       |       |       |       |     2 |     1 |       ||     3
       Aura of Abjuratio |       |       |       |       |     1 |       |     2 ||     3
       Malign Gateway    |       |       |       |       |       |    12 |     5 ||    17
       Swiftness         |       |       |       |       |       |     1 |     1 ||     2
       Summon Horrible T |       |       |       |       |       |       |    16 ||    16
       Blink             |       |       |       |       |       |       |     4 ||     4
       Monstrous Menager |       |       |       |       |       |       |    61 ||    61
       Summon Demon      |       |       |       |       |       |       |    33 ||    33
       Summon Horrible T |       |       |       |       |       |       |    18 ||    18
       Blink             |       |       |       |       |       |       |     6 ||     6
       Repel Missiles    |       |       |       |       |       |       |     4 ||     4
       Malign Gateway    |       |       |       |       |       |       |     3 ||     3
       Summon Hydra      |       |       |       |       |       |       |    12 ||    12
       Aura of Abjuratio |       |       |       |       |       |       |     3 ||     3
Invok: Channel Magic     |       |       |       |     2 |     3 |     5 |     3 ||    13
       Forget Spell      |       |       |       |       |     3 |     1 |     1 ||     5
       Forget Spell      |       |       |       |       |       |       |     1 ||     1
Evoke: Club              |       |       |       |       |       |       |     2 ||     2
       Wand              |       |       |       |       |       |       |     3 ||     3
  Use: Scroll            |       |     8 |     9 |    20 |    16 |    12 |     3 ||    68
       Potion            |       |     2 |     5 |     7 |     3 |     7 |     5 ||    29
       Scroll            |       |       |       |       |       |       |    12 ||    12
       Potion            |       |       |       |       |       |       |     2 ||     2
 Stab: Sleeping          |     1 |     2 |     1 |     7 |    13 |     2 |     2 ||    28
       Distracted        |       |     1 |     6 |    10 |    40 |    24 |    20 ||   101
       Petrified         |       |       |       |     1 |       |       |       ||     1
       Paralysed         |       |       |       |       |     1 |     2 |     1 ||     4
       Confused          |       |       |       |       |       |     1 |       ||     1
       Distracted        |       |       |       |       |       |       |    18 ||    18
       Sleeping          |       |       |       |       |       |       |     2 ||     2
       Confused          |       |       |       |       |       |       |     1 ||     1
  Eat: Chunk             |     5 |     9 |    15 |    27 |    69 |    21 |    28 ||   174
       Buggy             |       |       |     1 |     4 |     5 |     2 |       ||    12
       Buggy             |       |       |     1 |     1 |     1 |    10 |     1 ||    14
       Bread ration      |       |       |     1 |       |     1 |    10 |     5 ||    17
       Meat ration       |       |       |       |     4 |    10 |     3 |     1 ||    18
       Fruit             |       |       |       |     1 |       |       |     4 ||     5
       Chunk             |       |       |       |       |       |       |    44 ||    44
       Fruit             |       |       |       |       |       |       |     3 ||     3
       Bread ration      |       |       |       |       |       |       |     3 ||     3
       Buggy             |       |       |       |       |       |       |     1 ||     1
Armor: Troll leather arm |       |       |       |       |       |       |   185 ||   185
Dodge: Dodged            |       |       |       |       |       |       |   575 ||   575
       Deflected         |       |       |       |       |       |       |    15 ||    15
Block: Buckler           |       |       |       |       |       |       |    64 ||    64
       Rpst.: Short sword |       |       |       |       |       |       |   122 ||   122
       Demon whip        |       |       |       |       |       |       |     2 ||     2
